 Dungeon Crawl Stone Soup version 0.26.1-2-gb8aa6d0cf2 (webtiles) character file.

Game seed: 3375702141799624454

1542 Groucho the Covert (level 8, -4/36 (37) HPs)
             Began as a Spriggan Enchanter on Feb 24, 2021.
             Was an Initiate of Kikubaaqudgha.
             Slain by a wight
             ... wielding a +4 trident
              (9 damage)
             ... on level 6 of the Dungeon.
             The game lasted 00:18:04 (12863 turns).

Groucho the Covert (Spriggan Enchanter)            Turns: 12863, Time: 00:18:04

HP:   -4/36 (37)    AC:  2    Str:  6    XL:     8   Next: 56%
MP:   15/17         EV: 19    Int: 16    God:    Kikubaaqudgha [......]
Gold: 478           SH:  0    Dex: 17    Spells: 12/18 levels left

rFire    . . .     SeeInvis +   a - +1 dagger
rCold    . . .     Faith    .   (shield restricted)
rNeg     . . .     Spirit   .   b - +0 robe
rPois    .         Reflect  .   (helmet restricted)
rElec    .         Harm     .   (no cloak)
rCorr    .         Rampage  .   (gloves unavailable)
Will     +....                  (boots unavailable)
Stlth    +++++.....             (no amulet)
HPRegen  0.12/turn              (no ring)
MPRegen  0.15/turn              (no ring)

@: lightly drained, very quick
A: very small, unfitting armour, see invisible, speed 3
a: Renounce Religion


You were on level 6 of the Dungeon.
You worshipped Kikubaaqudgha.
Kikubaaqudgha was noncommittal.
You visited 2 branches of the dungeon, and saw 7 of its levels.

You collected 478 gold pieces.

Inventory:

Hand Weapons
 a - a +1 dagger (weapon)
 w - a +0 short sword of venom
 y - a +2 short sword of draining
Missiles
 g - 29 poisoned darts
Armour
 b - a +0 robe (worn)
Jewellery
 l - an uncursed amulet of reflection {unknown}
 s - an uncursed amulet of magic regeneration
 v - a cursed ring of teleportation {unknown}
Wands
 p - a wand of polymorph (5)
 q - a wand of disintegration (5)
 C - a wand of random effects (13)
Scrolls
 c - 3 scrolls of remove curse {unknown}
 f - a scroll of amnesia {unknown}
 i - 4 scrolls of teleportation {unknown}
 j - a scroll of blinking {unknown}
 k - 4 scrolls of identify {unknown}
 o - a scroll of random uselessness {unknown}
 t - a scroll of fear {unknown}
 u - a scroll of enchant weapon {unknown}
Potions
 d - 2 potions of haste
 e - a potion of mutation {unknown}
 h - a potion of attraction {unknown}
 m - 5 potions of curing {unknown}
 n - 2 potions of heal wounds {unknown}
 r - 2 potions of magic {unknown}
 x - a potion of berserk rage {unknown}
 z - a potion of might {unknown}
 A - a potion of cancellation {unknown}
 B - a potion of brilliance {unknown}


   Skills:
 - Level 1.5 Fighting
 - Level 3.9 Short Blades
 - Level 4.2 Dodging
 + Level 10.3 Stealth
 - Level 5.7 Spellcasting
 - Level 6.7 Hexes
 - Level 3.0 Ice Magic


You had 12 spell levels left.
You knew the following spells:

 Your Spells              Type           Power        Failure   Level
a - Corona                Hex            28%          1%          1
b - Ensorcelled Hibernat  Hex/Ice        40%          2%          2
c - Confusing Touch       Hex            26%          2%          3

Your spell library contained the following spells:

 Spells                   Type           Power        Failure   Level
 Tukima's Dance           Hex            26%          2%          3
 Dazzling Flash           Conj/Hex       30%          11%         3
 Magic Dart               Conj           16%          14%         1
 Searing Ray              Conj           8%           22%         2
 Fulminant Prism          Conj/Hex       7%           34%         4
 Iskenderun's Mystic Bla  Conj/Tloc      4%           80%         4


Dungeon Overview and Level Annotations

Branches:
Dungeon (6/15)             Temple (1/1) D:4

Altars:
Cheibriados
Elyvilon
Fedhas
Hepliaklqana
Kikubaaqudgha
Okawaru
Qazlal
Ru
Sif Muna
Uskayaw
Vehumet
Wu Jian
Yredelemnul
Zin
The Shining One

Annotations:
D:4 Grinder


Innate Abilities, Weirdness & Mutations

You are very small and have problems with some larger weapons.
You are too small for most types of armour.
You have supernaturally acute eyesight. (SInv)
You cover ground extremely quickly.


Message History

Unknown command.
You hit the wight but do no damage. The wight hits you with a +4 trident!
* * * LOW HITPOINT WARNING * * *
You feel drained.
* * * LOW HITPOINT WARNING * * *
The wight misses you.
Unknown command.
Unknown command.
You barely miss the wight. The wight misses you. The wight barely misses you.
Unknown command.
Unknown command.
Unknown command.
You hit the wight but do no damage.
The wight appears confused.
Unknown command.
Unknown command.
Unknown command.
A wight comes into view. It is wielding a +0 flail.
The wight hits you with a +4 trident!
You die...
Kikubaaqudgha rasps: "You have failed me!
Welcome... death!"

#.# #.#. ##. #.#
#.#.#. #.. #.# #.#...
#.. #.# #.#.#. #z.
#.# #....# #.. #.#
#..... #.. #.# ##.#..
#$#######.####.....
#.@.........)......
#...zz........##.###.
#.............##.##..
#.............##'##+#
#........#.##...##
#........#.##..##
#........#....##
###############


You could see 3 wights.

Vanquished Creatures
  Pikel (D:5)
  Sigmund (D:4)
  Duvessa (D:4)
  An orc warrior (D:4)
  A sky beast (D:4)
  2 ogres
  2 lemures (D:5)
  Blork the orc (D:6)
  Dowan (D:4)
  2 howler monkeys
  An orc priest (D:4)
  2 orc wizards
  Terence (D:3)
  A worker ant (D:4)
  A hound skeleton (D:4)
  4 gnolls (D:3)
  A white imp (D:6)
  An ufetubus (D:4)
  An adder zombie (D:5)
  5 worms
  2 dart slugs (D:2)
  4 leopard geckos
  8 orcs
  3 bats
  4 bat skeletons (D:4)
  2 bat zombies (D:4)
  3 giant cockroaches
  5 goblins
  6 hobgoblins
  7 jackals
  8 kobolds
  2 quokkas
  A ball python skeleton (D:6)
  5 frilled lizards
  A quokka skeleton (D:4)
  10 rats
102 creatures vanquished.

Notes
Turn   | Place    | Note
-------+----------+-------------------------------------------
     0 | D:1      | Groucho the Spriggan Enchanter began the quest for the Orb.
     0 | D:1      | Reached XP level 1. HP: 9/9 MP: 5/5
   865 | D:2      | Reached XP level 2. HP: 7/13 MP: 6/6
   997 | D:2      | Learned a level 2 spell: Ensorcelled Hibernation
  1002 | D:2      | Reached skill level 5 in Stealth
  3107 | D:1      | Reached XP level 3. HP: 16/16 MP: 8/8
  5255 | D:3      | Noticed Terence
  5264 | D:3      | Reached XP level 4. HP: 21/21 MP: 6/9
  5285 | D:3      | Learned a level 3 spell: Confusing Touch
  5294 | D:3      | Reached skill level 6 in Stealth
  5607 | D:3      | Killed Terence
  7076 | D:3      | Reached XP level 5. HP: 25/25 MP: 5/10
  8138 | D:4      | Noticed a sky beast
  8147 | D:4      | Killed a sky beast
  8148 | D:4      | Reached skill level 7 in Stealth
  8148 | D:4      | Reached skill level 1 in Ice Magic
  8345 | D:4      | Reached skill level 5 in Hexes
  8345 | D:4      | Reached XP level 6. HP: 16/29 MP: 5/12
  8693 | D:4      | Noticed an orc warrior
  8716 | D:4      | Killed an orc warrior
  9158 | D:4      | Noticed Grinder
  9688 | D:4      | Found a staircase to the Ecumenical Temple.
  9700 | Temple   | Entered the Ecumenical Temple
  9941 | D:4      | Noticed Duvessa
  9941 | D:4      | Noticed Dowan
  9952 | D:4      | Killed Duvessa
  9953 | D:4      | Reached skill level 8 in Stealth
  9953 | D:4      | Reached XP level 7. HP: 31/32 MP: 7/14
  9963 | D:4      | Killed Dowan
  9968 | D:4      | Reached skill level 1 in Fighting
 10133 | D:4      | Noticed Sigmund
 10144 | D:4      | Killed Sigmund
 10368 | D:4      | Found an ancient bone altar of Kikubaaqudgha.
 10543 | D:4      | Became a worshipper of Kikubaaqudgha
 10606 | D:5      | Entered Level 5 of the Dungeon
 10618 | D:5      | Reached skill level 9 in Stealth
 10861 | D:5      | Noticed Pikel
 11363 | D:5      | Killed Pikel
 11364 | D:5      | Reached skill level 10 in Stealth
 11364 | D:5      | Reached skill level 5 in Spellcasting
 11364 | D:5      | Reached XP level 8. HP: 19/37 MP: 11/17
 12262 | D:6      | Noticed Blork the orc
 12272 | D:6      | Killed Blork the orc
 12863 | D:6      | Slain by a wight

Illustrated notes

Levels and vault maps discovered:
D:1:      lemuel_arrival_lava_pool, layout_basic, nrook_campfire
D:2:      layout_rooms, minmay_split_cup_small
D:3:      layout_loops_cross, chequers_serial_rivers_marsh, uniq_terence
D:4:      layout_basic, grunt_temple_overflow_champion_of_chaos,
          kennysheep_vampire_church, minmay_temple_entry_waves,
          guppyfry_early_orc_mine, uniq_duvessa, uniq_sigmund, uniq_grinder
D:5:      layout_basic, nicolae_dithmenos_shadow_blocks, uniq_pikel,
          uniq_prince_ribbit1
D:6:      layout_basic, overflow_temple_1_default, kennysheep_diamond,
          cheibriados_altar_1, uniq_blork_the_orc, uniq_maggie
Temple:   eino_narrow_crystal_temple

Skill      XL: |  1  2  3  4  5  6  7  8 |
---------------+-------------------------+-----
Hexes          | 4 5 6 |  6.7
Stealth        | 5 6 7 8 10 | 10.3
Short Blades   | 2 3 |  3.9
Spellcasting   | 3 4 5 |  5.7
Ice Magic      | 1 2 3 |  3.0
Fighting       | 1 |  1.5
Dodging        | 4 |  4.2

Action                   |  1- 3 |  4- 6 |  7- 9 || total
-------------------------+-------+-------+-------++-------
Melee: Dagger            |   173 |    80 |   103 ||   356
 Cast: Ensorcelled Hiber |     7 |    45 |    28 ||    80
       Confusing Touch   |       |     1 |     6 ||     7
 Stab: Sleeping          |    20 |    26 |    17 ||    63
       Distracted        |     1 |       |     1 ||     2
       Confused          |       |     1 |     5 ||     6
Armor: Robe              |     8 |     4 |    12 ||    24
Dodge: Dodged            |   118 |    71 |   104 ||   293
